 Dungeon Crawl Stone Soup version 0.31.0-1-g2c135a008e (webtiles) character file.

Game seed: 5070226711566708565

26 qw the Shooter (level 3, -2/28 HPs)
             Began as a Djinni Hunter on Jan 23, 2024.
             Slain by Grinder (5 damage)
             ... on level 3 of the Dungeon.
             The game lasted 00:00:04 (1925 turns).

qw the Shooter (Djinni Hunter)                      Turns: 1925, Time: 00:00:04

Health: -2/28      AC:  5    Str: 10    XL:     3   Next: 22%
Gold:   66         EV: 12    Int: 10    God:
                   SH:  0    Dex: 18

rFire   + + .        a - +1 shortbow
rCold   x . .        (shield currently unavailable)
rNeg    . . .        c - +0 leather armour
rPois   inf          l - +1 helmet
rElec   .            (no cloak)
rCorr   .            (no gloves)
SInv    .            (boots unavailable)
Will    .....        (no amulet)
Stlth   ++           (no ring)
HPRegen 0.24/turn    (no ring)
MPRegen 0.00/turn

%: infuse magic (-3 HP)
@: flying
A: sickness immunity, fire resistance 2, cold vulnerability 1, float, innate
caster, HP casting, extra vitality 1
a: no special abilities


You were on level 3 of the Dungeon.
You visited 1 branch of the dungeon, and saw 3 of its levels.

You collected 66 gold pieces.


Innate Abilities, Weirdness & Mutations

You are immune to sickness and miasma.
You are immune to poison.
Your flesh is very heat resistant. (rF++)
You are vulnerable to cold. (rC-)
You float through the air rather than walking.
You learn spells naturally, not from books.
Your magical power is your life essence.
You have superior vitality. (+4 MHP)


   Skills:
 + Level 2.2 Fighting
 - Level 4.0 Ranged Weapons
 - Level 2.1 Dodging
 - Level 0.7 Stealth


You knew the following spells:

 Your Spells              Type           Power      Damage    Failure   Level
a - Shock                 Conj/Air       0%         1d3       45%         1
Your spell library was empty.

Inventory:

Hand Weapons
 a - a +1 shortbow (weapon)
Armour
 c - a +0 leather armour (worn)
 l - a +1 helmet (worn)
Potions
 d - a potion of haste
 e - a potion of attraction {unknown}
 g - a potion of curing {unknown}
 h - a potion of heal wounds {unknown}

Dungeon Overview and Level Annotations

Branches:
Dungeon (3/15)

Altars:

Annotations:
D:3 Grinder


Message History

Grinder hits you but does no damage.
You shoot an arrow. The arrow barely misses Grinder.
Grinder hits you.
You writhe in agony.
You shoot an arrow. The arrow hits Grinder.
Grinder is moderately wounded.
Grinder completely misses you.
You shoot an arrow. The arrow completely misses Grinder.
Grinder barely misses you.
Grinder blinks!
1913 ||| FLEEEEING.
You see here 8 stones.
You start resting.
Grinder is nearby!
You shoot an arrow. The arrow barely misses Grinder.
You start resting.
Grinder is nearby!
You shoot an arrow.
The arrow hits Grinder but does no damage.
Grinder is moderately wounded.
Grinder gestures at you. You resist with significant effort.
You shoot an arrow. The arrow closely misses Grinder.
Grinder gestures at you. You resist with significant effort.
You shoot an arrow. The arrow hits Grinder!
Grinder is heavily wounded.
You shoot an arrow. The arrow barely misses Grinder.
Grinder gestures at you. You resist with significant effort.
You shoot an arrow. The arrow barely misses Grinder.
Grinder hits you!
You writhe in agony.
You shoot an arrow. The arrow hits Grinder.
Grinder is heavily wounded.
Grinder gestures at you. You resist with significant effort.
You shoot an arrow.
The arrow hits Grinder but does no damage.
Grinder is heavily wounded.
Grinder hits you.
You writhe in agony.
You die...
Grinder says, "Now the real fun starts!"

#.# ######. #.#
.......
#######.###......5
#........#...$....
#........#5#######
#........#@.......
#..........#######
#+#.#.........).
#.#.#.##.#######
##.#.#.##.#
#...<#.##.#
#.####.##..
#.)....####
########


You could see Grinder.

Vanquished Creatures
  A ribbon worm (D:2)
  An orc (D:3)
  An endoplasm (D:1)
  A giant cockroach (D:2)
  A goblin (D:2)
  2 hobgoblins (D:1)
  2 kobolds
  A quokka (D:2)
  2 ball pythons (D:2)
  A bat (D:1)
  6 frilled lizards
  5 rats
24 creatures vanquished.

Notes
Turn   | Place    | Note
-------+----------+-------------------------------------------
     0 | D:1      | qw the Djinni Hunter began the quest for the Orb.
     0 | D:1      | Reached XP level 1. HP: 18/18 MP: 0/0
     0 | D:1      | 0 ||| qw: Version: 0.3-a-134-g2ba4250
     0 | D:1      | 0 ||| qw: Game counter: 775
     0 | D:1      | 0 ||| qw: Melee chars always use a shield: true
     0 | D:1      | 0 ||| qw: God list: Okawaru
     0 | D:1      | 0 ||| qw: Allow faded altars: false
     0 | D:1      | 0 ||| qw: Do Orc after clearing Dungeon:15 true
     0 | D:1      | 0 ||| qw: Do second Lair branch before Depths: true
     0 | D:1      | 0 ||| qw: Lair rune preference: random
     0 | D:1      | 0 ||| qw: Goals: Normal
     0 | D:1      | 0 ||| PLANNING D:1-11
   576 | D:1      | Reached XP level 2. HP: 23/23 MP: 0/0
  1037 | D:1      | 1037 ||| READING scroll labelled DUZEMO MIYGELEB.
  1138 | D:1      | 1138 ||| DROPPING scroll of butterflies.
  1402 | D:2      | Reached XP level 3. HP: 26/28 MP: 0/0
  1402 | D:2      | Learned a level 1 spell: Shock
  1455 | D:2      | Reached skill level 4 in Ranged Weapons
  1842 | D:2      | 1842 ||| UPGRADING to +0 helmet.
  1847 | D:2      | 1847 ||| READING scroll labelled YZOULY ALLE.
  1847 | D:2      | 1847 ||| ENCHANTING +0 helmet.
  1848 | D:2      | 1848 ||| READING scroll labelled JOIPNEE WAFO.
  1848 | D:2      | 1848 ||| IDENTIFYING pink potion
  1849 | D:2      | 1849 ||| READING scroll labelled CIOGAS LAUC.
  1849 | D:2      | 1849 ||| ENCHANTING +0 shortbow.
  1850 | D:2      | 1850 ||| READING scroll labelled QAG MEMUATO.
  1851 | D:2      | 1851 ||| READING scroll labelled YHEURR EN GOASOW.
  1904 | D:3      | Noticed Grinder
  1913 | D:3      | 1913 ||| FLEEEEING.
  1925 | D:3      | HP: 3/28 [Grinder (6)]
  1925 | D:3      | Slain by Grinder

Levels and vault maps discovered:
D:1:      minmay_arrival_split_and_join, layout_basic
D:2:      layout_loops_cross
D:3:      layout_basic, uniq_grinder

Skill      XL: |  1  2  3 |
---------------+----------+-----
Ranged Weapons | 4 |  4.0
Fighting       | |  2.2
Dodging        | |  2.1
Stealth        | |  0.7

Action                     || total
---------------------------++-------
   Fire: Shortbow          ||    74
    Use: Scroll            ||     6
 Armour: Leather armour    ||    10
  Dodge: Dodged            ||    14

Table legend:
 A = Non-vault XP
 B = Vault XP
 C = Vault XP percentage of total XP
 D = Non-vault monster count
 E = Vault monster count
 F = Vault count percentage of total count
                 A         B        C        D         E       F
            +---------+---------+-------+---------+---------+-------
      Total |      38 |       0 |   0.0 |      24 |       0 |   0.0
            +---------+---------+-------+---------+---------+-------
        D:1 |      13 |       0 |   0.0 |      10 |       0 |   0.0
        D:2 |      20 |       0 |   0.0 |      12 |       0 |   0.0
        D:3 |       5 |       0 |   0.0 |       2 |       0 |   0.0
            +---------+---------+-------+---------+---------+-------
